Map: Hard Lead LE

Players

LiquidElazer (Elazer)

  • Race: Zerg Zerg
  • League: Master
  • Spawn Location: 5:00

SKillous - Winner!

  • Race: Protoss Protoss
  • League: Grandmaster
  • Spawn Location: 11:00

Event: IEM Katowice 2024

VOD

Have the link to the VOD?

Description

Time

  • Played on: Dec. 8, 2023, 2:30 p.m.
  • Length: 14:01

All games in this series

Show
View Real Time Build Order
Export as new Build Order

LiquidElazer Zerg 

Build Orders: Hatch First 

Get SALT Encoding   

  12  0:00  Drone  
  13  0:12  Overlord  
  13  0:16  Drone  
  14  0:30  Drone x2  
  16  0:47  Hatchery  
  15  0:50  Drone  
  15  0:54  Drone  
  17  0:57  Drone  
  18  1:08  Extractor  
  17  1:12  Spawning Pool  
  17  1:15  Drone  
  17  1:19  Drone  
  18  1:27  Drone  
  19  1:41  Drone  
  20  1:50  Overlord  
  20  1:59  Queen x2  
  20  2:00  Zergling x2, Drone  
  26  2:10  Zergling x2  
  26  2:11  Drone  
  26  2:12  Metabolic Boost  
  28  2:21  Drone  
  28  2:22  Zergling x2  
  30  2:30  Drone  
  30  2:31  Drone  
  30  2:36  Queen  
  34  2:46  Hatchery  
  34  2:48  Drone  
  34  2:51  Overlord  
  34  2:57  Queen  
  36  3:09  Drone x5  
  41  3:13  Queen  
  41  3:17  Overlord  
  43  3:20  Drone  
  43  3:24  Overlord  
  44  3:38  Zergling x4  
  44  3:40  Zergling x2  
  47  3:42  Queen  
  47  3:46  Drone x6  
  54  3:52  Drone  
  54  3:53  Drone  
  54  3:55  Drone  
  55  3:59  Drone  
  55  4:00  Drone  
  57  4:06  Overlord  
  57  4:07  Drone  
  57  4:09  Drone  
  59  4:12  Drone  
  59  4:15  Spore Crawler  
  59  4:16  Drone x3  
  62  4:19  Drone  
  61  4:25  Drone  
  61  4:26  Drone x2  
  61  4:31  Queen  
  63  4:33  Drone x4  
  63  4:35  Drone x2  
  63  4:37  Drone  
  69  4:44  Drone  
  69  4:45  Drone  
  71  4:47  Drone, Hatchery  
  71  4:50  Overlord  
  71  4:55  Zergling x6, Evolution Chamber  
  71  4:59  Overlord  
  73  5:03  Drone, Overlord  
  73  5:16  Drone x2  
  73  5:20  Drone x9  
  82  5:26  Lair  
  82  5:27  Zerg Melee Weapons Level 1, Extractor  
  82  5:28  Extractor  
  80  5:29  Overlord  
  80  5:30  Drone, Extractor x2  
  80  5:32  Drone, Spore Crawler  
  79  5:38  Overlord  
  79  5:39  Drone x3  
  82  5:43  Zergling x2  
  83  5:50  Zergling x2  
  83  5:51  Zergling x2  
  83  5:54  Hatchery  
  83  5:55  Zergling x2  
  85  5:58  Zergling x4, Roach Warren  
  85  6:01  Zergling x6  
  89  6:06  Zergling x14  
  89  6:10  Drone  
  89  6:11  Spore Crawler  
  95  6:14  Zergling x4  
  95  6:18  Overlord  
  97  6:20  Zergling x2  
  98  6:26  Zergling x4  
  98  6:27  Overlord  
  100  6:33  Drone x9  
  100  6:34  Overseer  
  100  6:38  Glial Reconstitution  
  109  6:41  Roach  
  109  6:43  Roach x4  
  109  6:44  Overlord x4  
  119  6:52  Overlord  
  119  6:58  Drone x3  
  122  7:01  Infestation Pit  
  122  7:02  Extractor  
  122  7:03  Drone x3  
  122  7:04  Drone  
  122  7:07  Drone x5  
  129  7:10  Drone x4  
  129  7:13  Spore Crawler  
  132  7:16  Ravager x3  
  132  7:20  Roach x4  
  143  7:24  Zerg Melee Weapons Level 2  
  143  7:26  Drone x2  
  143  7:27  Baneling Nest, Overlord, Evolution Chamber  
  149  7:30  Roach x3  
  149  7:32  Roach  
  149  7:33  Roach x3  
  156  7:39  Roach x5  
  156  7:43  Hive  
  166  7:48  Overlord x2  
  166  7:54  Zergling x14  
  166  7:58  Zergling x8  
  173  7:59  Zerg Missile Weapons Level 1  
  173  8:09  Zergling x2  
  173  8:10  Zergling x26  
  187  8:15  Centrifugal Hooks  
  187  8:19  Baneling x13  
  187  8:20  Overseer  
  187  8:24  Zergling x2  
  187  8:25  Zergling x18  
  197  8:33  Overlord  
  197  8:35  Extractor x2, Spire  
  197  8:38  Drone x2  
  197  8:39  Drone  
  197  8:40  Drone  
  197  8:41  Overlord  
  198  8:42  Spine Crawler  
  197  8:52  Pneumatized Carapace  
  197  8:54  Baneling x14  
  196  9:01  Zergling x6  
  196  9:02  Zergling x10  
  197  9:09  Zergling x26  
  200  9:12  Baneling x7  
  200  9:13  Baneling x14  
  181  9:22  Zergling x24  
  148  9:31  Roach x5  
  148  9:32  Roach  
  148  9:34  Queen x2  
  139  9:38  Roach x3  
  139  9:43  Roach  
  139  9:44  Roach x4  
  138  9:48  Zergling x2  
  138  9:49  Zergling x8  
  139  9:53  Overlord  
  139  9:57  Baneling x15  
  139  9:59  Zergling x6  
  142  10:00  Zergling x2  
  142  10:01  Zergling x2  
  142  10:02  Zergling x2  
  145  10:08  Adrenal Glands  
  145  10:10  Drone x4  
  149  10:15  Zergling x2  
  149  10:16  Zergling x12  
  149  10:17  Ravager x2  
  149  10:18  Ravager  
  159  10:22  Zergling x10  
  163  10:30  Zergling x12  
  168  10:36  Zergling x8  
  171  10:46  Hatchery  
  171  10:47  Zergling x18  
  169  10:51  Overlord  
  169  10:54  Drone x3  
  169  10:56  Zerg Melee Weapons Level 3  
  171  10:57  Zerg Missile Weapons Level 2  
  171  11:08  Roach x7  
  183  11:11  Zergling x6  
  183  11:15  Zergling x6  
  188  11:20  Baneling x6  
  188  11:22  Baneling x10  
  188  11:24  Zergling x2  
  188  11:25  Zergling x4  
  189  11:36  Drone x4, Spine Crawler x3  
  189  11:37  Drone  
  184  11:48  Zergling x24  
  194  11:55  Baneling  
  194  11:56  Baneling x16  
  194  12:03  Spine Crawler  
  194  12:04  Baneling x8, Spine Crawler  
  194  12:08  Zergling x12  
  198  12:09  Baneling x2  
  198  12:10  Baneling x3  
  198  12:26  Zergling x2  
  198  12:27  Zergling x6  
  199  12:34  Zergling x2  
  199  12:35  Zergling x10  
  199  12:39  Greater Spire  
  199  12:48  Baneling x8  
  199  12:53  Baneling x12  
  199  13:03  Zergling x6  
  176  13:13  Zergling x44  
  176  13:16  Zergling x2  
  176  13:19  Roach x4  
  182  13:26  Roach x9  
  181  13:31  Zergling x2  
  170  13:39  Zergling x6  
Show
View Real Time Build Order
Export as new Build Order

SKillous Protoss - Winner!

Build Orders: 1 Gate Expand, Oracle Opening, Archon Immortal 

Get SALT Encoding   

  12  0:00  Probe  
  13  0:14  Pylon  
  13  0:17  Probe (Chrono Boost)  
  14  0:27  Probe (Chrono Boost)  
  15  0:32  Probe (Chrono Boost)  
  16  0:39  Gateway  
  16  0:44  Probe  
  16  0:48  Assimilator  
  17  0:56  Probe  
  18  1:08  Probe  
  19  1:20  Probe  
  20  1:27  Nexus  
  20  1:35  Cybernetics Core  
  20  1:39  Probe  
  21  1:45  Assimilator  
  21  1:51  Probe  
  22  1:54  Pylon  
  22  2:03  Probe  
  23  2:09  Adept (Chrono Boost)  
  26  2:15  Probe  
  26  2:18  Stargate  
  26  2:28  Probe (Chrono Boost)  
  26  2:29  Warp Gate  
  27  2:33  Adept  
  29  2:39  Probe (Chrono Boost)  
  31  2:45  Probe (Chrono Boost)  
  31  2:48  Probe (Chrono Boost)  
  32  2:52  Probe (Chrono Boost)  
  32  2:53  Probe (Chrono Boost)  
  34  2:58  Oracle (Chrono Boost)  
  34  3:04  Probe  
  34  3:05  Probe  
  39  3:08  Pylon  
  39  3:09  Zealot  
  41  3:16  Probe  
  41  3:18  Probe  
  43  3:20  Gateway  
  43  3:25  Oracle (Chrono Boost)  
  43  3:28  Probe  
  43  3:31  Probe  
  48  3:40  Probe  
  49  3:43  Probe  
  50  3:52  Probe  
  50  3:54  Pylon  
  50  3:55  Probe  
  52  3:57  Nexus  
  52  4:04  Probe  
  52  4:05  Assimilator  
  52  4:08  Assimilator  
  52  4:09  Oracle (Chrono Boost)  
  53  4:11  Probe  
  53  4:14  Pylon  
  57  4:19  Adept  
  57  4:21  Shield Battery  
  57  4:24  Adept  
  57  4:26  Probe  
  57  4:29  Probe  
  60  4:39  Stalker, Probe (Chrono Boost)  
  60  4:41  Probe (Chrono Boost)  
  63  4:47  Twilight Council  
  63  4:49  Forge  
  65  4:53  Probe (Chrono Boost)  
  65  4:56  Probe (Chrono Boost)  
  65  4:59  Probe (Chrono Boost)  
  66  5:02  Probe (Chrono Boost)  
  66  5:05  Pylon  
  67  5:07  Probe  
  68  5:14  Probe (Chrono Boost)  
  68  5:19  Probe (Chrono Boost)  
  66  5:22  Charge (Chrono Boost)  
  66  5:24  Protoss Ground Weapons Level 1 (Chrono Boost), Probe (Chrono Boost)  
  66  5:26  Probe (Chrono Boost)  
  68  5:30  Gateway  
  68  5:31  Gateway, Probe (Chrono Boost)  
  68  5:34  Robotics Facility  
  68  5:35  Robotics Facility, Pylon, Probe (Chrono Boost)  
  70  5:38  Probe (Chrono Boost), Stalker  
  70  5:39  Probe (Chrono Boost)  
  70  5:40  Probe (Chrono Boost)  
  75  5:45  Stalker  
  75  5:48  Probe  
  78  5:50  Pylon  
  78  5:51  Probe  
  78  5:55  Photon Cannon, Probe  
  80  6:00  Probe  
  80  6:03  Probe  
  82  6:07  Probe  
  82  6:09  Assimilator  
  82  6:10  Assimilator  
  83  6:12  Probe  
  83  6:13  Zealot x2  
  83  6:17  Pylon  
  88  6:20  Immortal (Chrono Boost)  
  88  6:22  Immortal (Chrono Boost)  
  88  6:23  Templar Archives  
  96  6:26  Probe  
  97  6:37  Pylon  
  97  6:39  Nexus  
  97  6:42  Pylon  
  97  6:43  Zealot x2  
  101  6:49  Probe  
  101  6:52  Probe  
  101  6:53  Immortal  
  107  6:59  Zealot x2  
  111  7:03  Shield Battery  
  111  7:04  Probe  
  112  7:08  High Templar x2  
  112  7:09  Probe  
  112  7:11  Gateway  
  112  7:12  Gateway  
  112  7:15  Archon  
  117  7:16  Probe  
  117  7:17  Protoss Ground Weapons Level 2 (Chrono Boost)  
  117  7:21  Probe  
  117  7:22  Gateway, Probe  
  120  7:28  Gateway  
  120  7:29  Probe  
  121  7:32  Warp Prism  
  121  7:33  Observer  
  121  7:34  Probe  
  126  7:37  Probe  
  126  7:40  High Templar x2  
  126  7:41  Zealot  
  126  7:43  Probe  
  133  7:45  Archon, Pylon  
  133  7:48  Blink (Chrono Boost), Pylon  
  133  7:51  Probe x2  
  134  7:53  Assimilator  
  134  7:54  Assimilator  
  132  8:01  Gateway  
  132  8:02  Probe x2  
  132  8:03  Gateway  
  134  8:07  Probe  
  135  8:13  High Templar x3  
  135  8:14  High Templar  
  135  8:15  High Templar x2  
  135  8:18  Gateway x2  
  147  8:20  Photon Cannon, Archon x2  
  147  8:26  Archon  
  147  8:33  High Templar x2  
  147  8:34  Nexus  
  151  8:35  Pylon  
  151  8:37  Archon  
  151  8:45  High Templar  
  151  8:46  High Templar, Zealot x2  
  151  8:47  Zealot x2  
  163  8:50  Archon  
  159  9:03  Zealot x2  
  159  9:06  Zealot x3  
  169  9:10  Zealot  
  145  9:28  Zealot x11  
  137  9:33  Immortal  
  137  9:34  Immortal  
  137  9:35  Probe  
  137  9:38  Zealot x12  
  126  9:52  Probe  
  123  10:00  Forge  
  123  10:02  Stalker x6  
  133  10:07  Stalker x2  
  133  10:13  Immortal x2  
  141  10:16  Stalker, Protoss Ground Weapons Level 3 (Chrono Boost)  
  141  10:17  Stalker x3  
  141  10:21  Probe x3  
  152  10:30  Zealot x8  
  162  10:49  Immortal  
  130  10:50  Immortal  
  130  10:51  High Templar x6  
  130  10:52  High Templar  
  130  10:53  High Templar  
  130  10:54  Zealot x4  
  130  10:56  Archon x3, Shield Battery  
  149  10:58  Archon, Pylon  
  157  11:09  Protoss Shields Level 1 (Chrono Boost)  
  155  11:13  Shield Battery  
  155  11:20  High Templar x2  
  155  11:24  Archon  
  155  11:25  Zealot x9  
  165  11:26  Immortal  
  165  11:31  Zealot  
  181  11:36  Assimilator, Probe  
  181  11:38  Assimilator  
  182  11:44  Probe  
  173  11:52  High Templar x5, Probe  
  173  11:53  High Templar  
  174  11:56  Archon  
  174  11:57  Archon x2  
  174  12:00  Photon Cannon  
  174  12:01  Probe x4  
  176  12:02  Photon Cannon  
  176  12:03  Photon Cannon  
  176  12:04  Pylon, Probe  
  176  12:07  Warp Prism (Chrono Boost)  
  176  12:08  Immortal (Chrono Boost)  
  177  12:13  Probe x3  
  184  12:21  Photon Cannon  
  184  12:23  Pylon  
  184  12:24  Photon Cannon  
  184  12:28  Stalker x3  
  184  12:29  Stalker x2  
  186  12:41  Immortal  
  186  12:42  High Templar x4  
  198  12:44  Shield Battery  
  198  12:46  Archon, Photon Cannon  
  198  12:47  Archon  
  198  12:49  Zealot  
  198  13:11  Stalker x4  
  197  13:18  Probe  
  197  13:19  Probe  
  177  13:20  Probe  
  177  13:21  Probe x2  
  177  13:24  Zealot x7  
  190  13:30  Probe  
  148  13:52  Zealot x12  

Tags
 
Add a new tag
Caveats
  • Supply blocks, unpowered buildings, or Contaminate may cause inaccurate times.
  • Supply counts are checked every 10 seconds.